 Dungeon Crawl Stone Soup version 0.30-a0-377-g5cb311bc9f (webtiles) character file.

Game seed: 2011269866303826800

7597 KennySheep the Skirmisher (level 10, -1/117 HPs)
             Began as a Demigod Hunter on Nov 30, 2022.
             Slain by a vampire (9 damage)
             ... on level 11 of the Dungeon.
             The game lasted 00:47:36 (13320 turns).

KennySheep the Skirmisher (Demigod Hunter)         Turns: 13320, Time: 00:47:37

Health: -1/117     AC: 25    Str: 12    XL:     10   Next: 66%
Magic:  27/27      EV:  2    Int: 11    God:
Gold:   1311       SH:  0    Dex: 29    Spells: 11/15 levels left

rFire   . . .      SeeInvis .    a - +0 shortbow
rCold   . . .      Faith    .    (shield currently unavailable)
rNeg    . . .      Spirit   .    (body armour currently unavailable)
rPois   +          Reflect  .    (helmet currently unavailable)
rElec   .          Harm     .    (cloak currently unavailable)
rCorr   .          Rampage  .    (gloves currently unavailable)
Will    +....      NoTele   +    (boots currently unavailable)
Stlth   ++++......               n - amulet of magic regeneration
HPRegen 0.39/turn                s - ring of magical power
MPRegen 0.60/turn                (no ring)

@: tree-form
A: stationary, stasis, torment immunity, boosted hp, high MP 1, forlorn, divine
attributes, (iridescent scales 1), MP-powered wands
a: no special abilities


You were on level 11 of the Dungeon.
You were a tree.
You visited 1 branch of the dungeon, and saw 11 of its levels.
You also visited: Sewer, Ossuary and Bailey.

You collected 1476 gold pieces.
You spent 165 gold pieces at shops.

Inventory:

Hand Weapons
 a - a +0 shortbow (weapon)
Armour
 h - quicksilver dragon scales (melded)
 y - a +0 cloak (melded)
Magical Staves
 b - a staff of poison
Jewellery
 n - an amulet of magic regeneration (around neck)
 s - a ring of magical power (left branch)
Wands
 v - a wand of roots (11)
 E - a wand of charming (7)
 G - a wand of digging (1)
Scrolls
 d - 3 scrolls of immolation
 e - 2 scrolls of teleportation
 f - 2 scrolls of noise
 j - a scroll of torment {unknown}
 q - a scroll of amnesia {unknown}
 t - 4 scrolls of identify
 u - a scroll of fear
 x - a scroll of brand weapon
 A - a scroll of silence {unknown}
 F - a scroll of vulnerability {unknown}
 H - a scroll of poison {unknown}
Potions
 g - a potion of attraction
 i - 2 potions of resistance
 k - 3 potions of brilliance {unknown}
 l - a potion of berserk rage {unknown}
 o - 2 potions of cancellation {unknown}
 p - 4 potions of might
 r - 2 potions of ambrosia
 w - 2 potions of mutation
 z - a potion of flight {unknown}
 D - 2 potions of degeneration {unknown}


   Skills:
 - Level 4.1 Fighting
 - Level 10.5 Ranged Weapons
 - Level 7.2 Armour
 - Level 4.2 Dodging
 - Level 4.2 Stealth
 + Level 3.2 Spellcasting
 * Level 5.3 Poison Magic


You had 11 spell levels left.
You knew the following spells:

 Your Spells              Type           Power      Damage    Failure   Level
a - Olgreb's Toxic Radia  Pois           13%        N/A       28%         4

Your spell library contained the following spells:

 Spells                   Type           Power      Damage    Failure   Level
 Sting                    Tmut/Pois      28%        1d4       9%          1
 Poisonous Vapours        Pois/Air       14%        N/A       13%         2
 Spider Form              Tmut/Pois      7%         N/A       26%         3
 Blink                    Tloc           2%         N/A       36%         2
 Ensorcelled Hibernation  Hex/Ice        2%         N/A       36%         2
 Momentum Strike          Conj/Tloc      2%         3d8       36%         2
 Sublimation of Blood     Necr           1%         N/A       36%         2
 Wereblood                Tmut           1%         N/A       36%         2
 Frozen Ramparts          Ice            2%         1d1       61%         3
 Kindle Blastsparks       Fire/Tloc/Air  2%         2d10      61%         3
 Lesser Beckoning         Tloc           2%         N/A       61%         3
 Portal Projectile        Hex/Tloc       2%         N/A       61%         3
 Tukima's Dance           Hex            1%         N/A       61%         3
 Anguish                  Hex/Necr       0%         N/A       95%         4
 Fulminant Prism          Conj/Hex       0%         3d5       95%         4
 Ice Form                 Ice/Tmut       1%         N/A       95%         4
 Iskenderun's Mystic Bla  Conj/Tloc      1%         2d3       95%         4
 Summon Ice Beast         Ice/Summ       1%         N/A       95%         4
 Blade Hands              Tmut           0%         N/A       100%        5
 Lee's Rapid Deconstruct  Erth           0%         3d4*      100%        5
 Summon Hydra             Summ           0%         N/A       100%        7


Dungeon Overview and Level Annotations

Branches:
Dungeon (11/15)            Temple (0/1) D:4           Sewer (visited)
Ossuary (visited)          Bailey (visited)
   Lair: D:8-11         Orc: D:9-12

Shops:
D:4 [!(   D:6 *

Annotations:
D:7 Dowan, Duvessa


Innate Abilities, Weirdness & Mutations

You are a tree.
Your roots penetrate the ground, keeping you stationary.
You cannot be teleported.
You are immune to unholy pain and torment.
Your maximum health is greatly increased.
Your equipment is partially melded.
You have an increased reservoir of magic. (+10% MP)
You shall have no god before yourself.
Your divine heritage dramatically boosts your attributes as you level up.
((You are partially covered in iridescent scales. (AC +2)))
You expend magic power (3 MP) to strengthen your wands.


Message History

Something draws strength from your injuries!
You cannot move.
You cannot move.
You shoot an arrow. Something hits you but does no damage. Something bites you!
* * * LOW HITPOINT WARNING * * *
Something draws strength from your injuries!
You shoot an arrow. Something hits you but does no damage.
Something bites you but does no damage.
You shoot an arrow. Something hits you but does no damage.
Something bites you but does no damage.
You shoot an arrow.
You hear some strange, mumbled words.
Something tries to affect you, but you resist.
You shoot an arrow. Something hits you.
* * * LOW HITPOINT WARNING * * *
Something bites you but does no damage.
You shoot an arrow. Something hits you but does no damage.
Something bites you but does no damage.
You shoot an arrow. Something hits you but does no damage. Something bites you!
* * * LOW HITPOINT WARNING * * *
Something draws strength from your injuries!
You feel better. Something hits you but does no damage. Something bites you.
* * * LOW HITPOINT WARNING * * *
Something draws strength from your injuries!
You feel better.
You hear some strange, mumbled words.
Something tries to affect you, but you resist.
You shoot an arrow. Something hits you but does no damage.
Something bites you but does no damage.
You shoot an arrow. Something hits you but does no damage.
Something bites you but does no damage.
You shoot an arrow. Something hits you but does no damage.
Something bites you but does no damage.
You shoot an arrow. Something hits you.
* * * LOW HITPOINT WARNING * * *
Something bites you.
* * * LOW HITPOINT WARNING * * *
Something draws strength from your injuries!
You shoot an arrow. Something hits you!
You die...

##..# #..# ###'#####
###### ######'###
........# #....#
#...<....# ........#
#....# #........#
..<.....# #....#
#........# ........#
#....# +........#
........#####....#
#........#
........##..'....#
#........#
........##.##...♣##
#........#
........'..##.###{#
##.##....#
........####.............
.....[..# #..##.###.###$#
........# ##.#... ...
........# #... #. #.#
.........# #.#. .. ..#
#####'##.....# ... ..#
#### #.


There were no monsters in sight!

Vanquished Creatures
  Pikel (D:5)
  Maggie (D:7)
  A gargoyle (D:10)
  An unseen horror (D:10)
  Psyche (D:8)
  A komodo dragon (D:10)
  A troll (D:11)
  A hornet (D:10)
  2 wraiths (D:10)
  A shadow (D:10)
  A wyvern (D:8)
  3 yaks (D:9)
  Eustachio (D:6)
  A human (Bailey)
  Menkaure (D:4)
  Edmund (D:6)
  2 acid dragons
  Pargi (D:4)
  A sky beast (D:7)
  An ice beast (D:7)
  A black bear (D:7)
  3 orc warriors
  A phantom (D:5)
  7 kobold brigands
  2 elf zombies
  4 bullfrogs
  3 necrophages
  An elf skeleton (D:6)
  3 scorpions
  2 howler monkeys (D:7)
  2 centaur zombies (Ossuary)
  3 hounds
  2 human zombies
  4 orc priests
  A gnoll bouda (D:7)
  A human skeleton (D:6)
  6 iguanas
  13 orc wizards
  2 hound zombies (Ossuary)
  3 mummies (Ossuary)
  Robin (D:4)
  10 gnolls
  12 adders
  8 river rats
  A shadow imp (D:5)
  2 ufetubi
  5 adder zombies (Ossuary)
  7 worms
  2 dart slugs
  38 orcs
  9 ball pythons
  9 endoplasms
  4 giant cockroaches
  19 goblins
  10 hobgoblins
  7 jackals
  3 quokkas
  4 bats
  5 frilled lizards
  3 gnoll zombies (Ossuary)
  2 goblin zombies (Ossuary)
  4 hobgoblin zombies (Ossuary)
  3 jackal zombies (Ossuary)
  16 kobolds
  2 kobold zombies (Ossuary)
  An orc skeleton (D:6)
  3 orc zombies
  2 quokka zombies (Ossuary)
  12 rats
  5 rat zombies (Ossuary)
297 creatures vanquished.

Vanquished Creatures (others)
  5 dream sheep (D:4)
  7 bushes (D:11)
  4 fungi
  3 plants (D:2)
19 creatures vanquished.

Grand Total: 316 creatures vanquished

Notes
Turn   | Place    | Note
-------+----------+-------------------------------------------
     0 | D:1      | KennySheep the Demigod Hunter began the quest for the Orb.
     0 | D:1      | Reached XP level 1. HP: 17/17 MP: 3/3
    43 | D:1      | Reached skill level 1 in Stealth
   180 | D:1      | Reached XP level 2. HP: 24/24 MP: 4/4
   532 | D:1      | Reached skill level 4 in Ranged Weapons
  1292 | D:2      | Reached XP level 3. HP: 23/29 MP: 5/5
  1828 | D:2      | Reached skill level 1 in Armour
  2088 | D:3      | Reached XP level 4. HP: 35/36 MP: 6/6
  2159 | D:3      | Reached skill level 5 in Ranged Weapons
  2727 | D:3      | Reached XP level 5. HP: 41/41 MP: 7/7
  3338 | D:4      | Found a glowing drain.
  3346 | Sewer    | Entered a sewer
  3609 | Sewer    | Reached XP level 6. HP: 40/48 MP: 8/8
  3714 | Sewer    | Reached skill level 6 in Ranged Weapons
  4363 | D:4      | Found Aholol's Weapon Emporium.
  4500 | D:4      | Identified a scroll of acquirement
  4501 | D:4      | Acquired 794 gold pieces
  4515 | D:4      | Found Xebrol's Distillery.
  4518 | D:4      | Bought a potion of lignification for 33 gold pieces
  4518 | D:4      | Bought a potion of might for 44 gold pieces
  4518 | D:4      | Bought a potion of ambrosia for 88 gold pieces
  4557 | D:4      | Found Ynnaih's Armour Boutique.
  4626 | D:4      | Noticed Robin
  4653 | D:3      | Reached XP level 7. HP: 48/53 MP: 9/9
  4917 | D:4      | Killed Robin
  4924 | D:4      | Noticed a dream sheep
  4924 | D:4      | Noticed a dream sheep
  4924 | D:4      | Noticed a dream sheep
  4924 | D:4      | Noticed a dream sheep
  4924 | D:4      | Noticed a dream sheep
  4928 | D:4      | Killed a dream sheep
  4928 | D:4      | Killed a dream sheep
  4929 | D:4      | Killed a dream sheep
  4929 | D:4      | Killed a dream sheep
  4929 | D:4      | Killed a dream sheep
  4954 | D:4      | Found a staircase to the Ecumenical Temple.
  5118 | D:4      | Identified the +3 chain mail of the Evening {rC++ Int+3}
  5415 | D:4      | Noticed Menkaure
  5419 | D:4      | Noticed Pargi
  5421 | D:4      | Killed Menkaure
  5422 | D:4      | Reached skill level 7 in Ranged Weapons
  5578 | D:4      | Killed Pargi
  5675 | D:5      | Entered Level 5 of the Dungeon
  6392 | D:5      | Reached skill level 8 in Ranged Weapons
  6447 | D:6      | Noticed Pikel
  6506 | D:5      | Killed Pikel
  6507 | D:5      | Reached skill level 9 in Ranged Weapons
  6507 | D:5      | Reached skill level 5 in Armour
  6507 | D:5      | Reached XP level 8. HP: 51/60 MP: 10/10
  6640 | D:6      | Found a sand-covered staircase.
  6660 | Ossuary  | Entered an ossuary
  7023 | Ossuary  | Gained mutation: You are weak. (Str -2) [potion of
                  | mutation]
  7023 | Ossuary  | Lost mutation: You are weak. (Str -2) [potion of mutation]
  7023 | Ossuary  | Gained mutation: You expend magic power (3 MP) to
                  | strengthen your wands. [potion of mutation]
  7023 | Ossuary  | Gained mutation: You are partially covered in iridescent
                  | scales. (AC +2) [potion of mutation]
  7235 | D:6      | Noticed Edmund
  7264 | D:6      | Killed Edmund
  7265 | D:6      | Reached skill level 10 in Ranged Weapons
  7265 | D:6      | Reached XP level 9. HP: 25/67 MP: 11/11
  7467 | D:6      | Noticed Eustachio
  7494 | D:6      | Killed Eustachio
  7681 | D:6      | Identified the +3 rapier of Trauma {vorpal, Will+ Str+4
                  | Dex+4}
  7799 | D:6      | Found Ywnekhot's Neck Hole.
  7833 | D:6      | Learned a level 4 spell: Olgreb's Toxic Radiance
  8268 | D:7      | Reached skill level 1 in Poison Magic
  8323 | D:7      | Reached skill level 1 in Spellcasting
  8402 | D:7      | Noticed Maggie
  8429 | D:7      | Killed Maggie
  8952 | D:7      | Noticed Duvessa
  8952 | D:7      | Noticed Dowan
  9082 | D:8      | Noticed Psyche
  9087 | D:8      | Killed Psyche
  9352 | D:8      | Noticed a +0 hand axe
  9353 | D:8      | Noticed a +0 dagger
 10170 | D:9      | Reached XP level 10. HP: 53/77 MP: 16/16
 11021 | D:10     | Entered Level 10 of the Dungeon
 11043 | D:10     | Found a flagged portal.
 11057 | Bailey   | Entered a bailey
 12218 | D:10     | Reached skill level 5 in Poison Magic
 12291 | D:10     | Identified the +6 dire flail "Feseohi" {drain, *Rage MP+9
                  | Int+3}
 13314 | D:11     | HP: 5/117 [something (6)]
 13320 | D:11     | Slain by a vampire

Illustrated notes

Levels and vault maps discovered:
D:1:      scummos_arrival_star, layout_basic, st_stairs_5,
          chequers_serial_rivers_small_a, minivault_4
D:2:      layout_loops_ring, shapermc_ecumenical_altar_ellora,
          cheibrodos_gnoll_hut
D:3:      minmay_diamond_boxcup, layout_basic,
          nicolae_wu_jian_immortal_techniques
D:4:      layout_loops_corners, mainiacjoe_overflow_boulevard,
          kb_xom_exploding_sheep, minmay_temple_entry_enclosed_plants,
          lightli_sewer_entry_pipes, serial_shops, kennysheep_mini_moat,
          shop_statue, nicolae_shop_bloodbath_and_beyond, uniq_menkaure,
          uniq_pargi, uniq_robin
D:5:      layout_loops_ring, amcnicky_altar_gilded
D:6:      layout_loops_ring, nicolae_ossuary_entry_catacombs,
          chequers_decorated_corner, nicolae_shop_sticking_my_neck_out,
          uniq_pikel, uniq_edmund, uniq_eustachio
D:7:      layout_gridville, mainiacjoe_overflow_concentric_impassable,
          uniq_maggie, uniq_duvessa
D:8:      layout_loops_ring, lemuel_doored_altar, dancing_weapons_uskayaw,
          nemelex_spade_bored_becter, minivault_21, grunt_ministairs_5,
          eino_curves_04, uniq_psyche
D:9:      layout_layer_cave, mainiacjoe_overflow_paths, tgw_sif,
          lair_entry_dummy, hangedman_fish_farm
D:10:     layout_loops_ring, gammafunk_temple_overflow_elements, enter_bailey_5
D:11:     layout_roguey, minmay_hedge_maze,
          nicolae_concentric_dashed_squares_mild

Skill      XL: |  1  2  3  4  5  6  7  8  9 10 |
---------------+-------------------------------+-----
Stealth        | 1 3 4 |  4.2
Dodging        | 2 3 4 |  4.2
Ranged Weapons | 4 5 6 9 10 | 10.5
Armour         | 1 2 3 5 6 7 |  7.2
Fighting       | 3 4 |  4.1
Poison Magic   | 3 5 |  5.3
Spellcasting   | 2 3 |  3.2

Action                   |  1- 3 |  4- 6 |  7- 9 | 10-12 || total
-------------------------+-------+-------+-------+-------++-------
Melee: Unarmed           |       |       |     3 |       ||     3
 Fire: Shortbow          |   144 |   246 |   702 |   346 ||  1438
  Use: Scroll            |     2 |     6 |     3 |     7 ||    18
       Potion            |     2 |       |    11 |     3 ||    16
Armor: Leather armour    |     8 |       |       |       ||     8
       Quicksilver drago |    50 |    65 |   224 |   148 ||   487
       Skin              |       |       |    24 |    16 ||    40
Dodge: Dodged            |    70 |    82 |   203 |   175 ||   530

Table legend: (Time is in decaauts)
 A = Elapsed time spent in this place.
 B = Non-inter-level travel time spent in this place.
 C = Inter-level travel time spent in this place.
 D = Time resting spent in this place.
 E = Time spent auto-exploring this place.
 F = Levels seen in this place.
 G = Mean time per level.
                   A        B        C        D        E       F      G
               +--------+--------+--------+--------+--------+-----+--------+
         Total |  13787 |  13530 |    257 |   1866 |   8772 |  14 |  984.8 |
       Dungeon |  12109 |  11852 |    257 |   1671 |   7991 |  11 | 1100.8 |
         Sewer |   1018 |   1018 |      0 |     31 |    655 |   1 | 1018.0 |
       Ossuary |    389 |    389 |      0 |      0 |    124 |   1 |  389.0 |
        Bailey |    269 |    269 |      0 |    164 |      2 |   1 |  269.0 |
               +--------+--------+--------+--------+--------+-----+--------+

Top non-repeatable levels by time:
    D:10: 1652 daAuts
     D:4: 1481 daAuts
     D:3: 1443 daAuts
     D:6: 1232 daAuts
     D:1: 1214 daAuts
     D:8: 1070 daAuts
   Sewer: 1018 daAuts
     D:9: 1001 daAuts
     D:5: 903 daAuts
     D:2: 888 daAuts
     D:7: 799 daAuts
    D:11: 420 daAuts
 Ossuary: 389 daAuts
  Bailey: 269 daAuts
